 Dungeon Crawl Stone Soup version 0.20.1-4-g4af34eaf8e (webtiles) character file.

157 Alfie the Shooter (level 5, -4/45 HPs)
             Began as a Minotaur Hunter on Feb 21, 2020.
             Slain by Alfie's ghost (11 damage)
             ... on level 3 of the Dungeon.
             The game lasted 00:09:39 (1955 turns).

Alfie the Shooter (Minotaur Hunter)                 Turns: 1955, Time: 00:09:39

Health: -4/45      AC:  3    Str: 22    XL:     5   Next: 15%
Magic:  4/4        EV: 17    Int:  8    God:
Gold:   146        SH:  0    Dex: 16    Spells: 4/4 levels left

rFire    . . .     SeeInvis .   b - +0 short sword
rCold    . . .     Gourm    .   (no shield)
rNeg     . . .     Faith    .   c - +0 leather armour
rPois    .         Spirit   .   (helmet restricted)
rElec    .         Reflect  .   (no cloak)
rCorr    .         Harm     .   (no gloves)
MR       .....                  (no boots)
Stlth    +++.......             (no amulet)
Regen    0.2/turn               t - +5 ring of strength
MPRegen  0.1/turn               (no ring)

@: agile
A: retaliatory headbutt, horns 2
a: no special abilities


You were on level 3 of the Dungeon.
You were not hungry.

You visited 1 branch of the dungeon, and saw 3 of its levels.

You collected 146 gold pieces.

Inventory:

Hand Weapons
 a - a +1 shortbow
 b - a +0 short sword (weapon)
Missiles
 d - 20 arrows
Armour
 c - a +0 leather armour (worn)
 w - a +0 pair of gloves
Jewellery
 g - an uncursed amulet of harm
 l - an uncursed amulet of the gourmand
 t - a +5 ring of strength (left hand)
Wands
 u - a wand of disintegration (8/24)
 v - a wand of digging (14/24)
Scrolls
 h - 3 scrolls of remove curse
 i - 2 scrolls of teleportation
Potions
 e - a potion of curing
 j - 2 potions of might
 m - a potion of agility
 n - a potion of invisibility {unknown}
 o - a potion of cancellation {unknown}
 q - a potion of flight {unknown}
 r - 2 potions of berserk rage {unknown}
 s - 2 potions of heal wounds {unknown}
Comestibles
 f - 3 bread rations
 k - a meat ration


   Skills:
 + Level 3.1 Fighting
 + Level 0.4 Short Blades
 + Level 6.4 Bows
 + Level 1.9 Armour
 + Level 2.2 Dodging
 + Level 0.8 Stealth


You had 4 spell levels left.
You didn't know any spells.

Dungeon Overview and Level Annotations

Branches:
Dungeon (3/15)

Altars:
Cheibriados
Fedhas
Okawaru

Annotations:
D:3 Alfie's ghost, amateur HuHu


Innate Abilities, Weirdness & Mutations

You reflexively headbutt those who attack you in melee.
You have a pair of horns on your head.


Message History

* * * LOW HITPOINT WARNING * * *
It was a potion of agility.
You feel agile all of a sudden. Alfie's ghost hits you.
* * * LOW HITPOINT WARNING * * *
It was a potion of curing.
You feel better. Alfie's ghost misses you.
You barely miss Alfie's ghost. You headbutt Alfie's ghost!
Alfie's ghost is almost destroyed.
Alfie's ghost closely misses you. x2
You closely miss Alfie's ghost.
Alfie's ghost is almost destroyed.
Alfie's ghost barely misses you.
You barely miss Alfie's ghost.
Alfie's ghost is almost destroyed.
Alfie's ghost hits you.
* * * LOW HITPOINT WARNING * * *
You closely miss Alfie's ghost.
Alfie's ghost is almost destroyed.
Alfie's ghost hits you!
You die...

#.##.######.......# .#
.###.#............# #.# ##
#.#.####.####### #.# # #.#.# #.#
#.# ####.#.####.######## #)#
...................# #.#
###########.######.#####.########
#.######.(.(((.........
#.....@W.(##.....######
#########.##.###.#### #....<#
#....# #..##.###.##.# #.
#.....##.# #.)####..###.#
.........##.### .#####.........
######.###


You could see Alfie's ghost.

Vanquished Creatures
  4 gnolls (D:2)
  4 adders
  2 worms (D:2)
  5 dart slugs
  A leopard gecko (D:2)
  6 bats
  6 giant cockroaches
  8 goblins
  6 hobgoblins
  4 jackals (D:3)
  2 kobolds (D:1)
  A quokka (D:2)
  2 ball pythons (D:1)
  4 frilled lizards
  12 rats
67 creatures vanquished.

Notes
Turn   | Place    | Note
-------+----------+-------------------------------------------
     0 | D:1      | Alfie the Minotaur Hunter began the quest for the Orb.
     0 | D:1      | Reached XP level 1. HP: 18/18 MP: 0/0
   177 | D:1      | Reached XP level 2. HP: 25/25 MP: 1/1
   201 | D:1      | Reached skill level 5 in Bows
   456 | D:1      | Reached XP level 3. HP: 30/30 MP: 2/2
   760 | D:2      | Found an iron altar of Okawaru.
  1015 | D:2      | Reached XP level 4. HP: 15/37 MP: 3/3
  1019 | D:2      | Reached skill level 6 in Bows
  1236 | D:2      | Found a blossoming altar of Fedhas.
  1247 | D:2      | Found a snail-covered altar of Cheibriados.
  1309 | D:2      | Reached skill level 1 in Armour
  1585 | D:3      | Reached XP level 5. HP: 42/45 MP: 4/4
  1935 | D:3      | Noticed Alfie's ghost (amateur HuHu)
  1955 | D:3      | Slain by Alfie's ghost

Skill      XL: |  1  2  3  4 |
---------------+-------------+-----
Bows           | 5 6 |  6.4
Fighting       | 3 |  3.1
Armour         | 1 |  1.9
Short Blades   | |  0.4
Dodging        | |  2.2
Stealth        | |  0.8

Action                   |  1- 3 |  4- 6 || total
-------------------------+-------+-------++-------
Melee: Short sword       |     7 |    29 ||    36
       Headbutt          |       |     6 ||     6
 Fire: Shortbow          |    72 |    70 ||   142
  Use: Scroll            |     3 |     7 ||    10
       Potion            |       |     2 ||     2
  Eat: Royal jelly       |       |     1 ||     1
       Bread ration      |       |     1 ||     1
Armor: Leather armour    |     7 |     8 ||    15
Dodge: Dodged            |    20 |    43 ||    63
